 Dungeon Crawl Stone Soup version 0.29.1-15-g9cfb28693d (webtiles) character file.

Game seed: 2731800260139840102

1645 croobank the Covert (level 8, 0/56 HPs)
             Began as an Octopode Delver on Mar 7, 2023.
             Was an Initiate of Gozag.
             Slain by Duvessa
             ... wielding a +2 short sword of speed
              (6 damage)
             ... on level 6 of the Dungeon.
             The game lasted 00:14:04 (6821 turns).

croobank the Covert (Octopode Delver)               Turns: 6821, Time: 00:14:04

Health: 0/56       AC:  1    Str: 11    XL:     8   Next: 99%
Magic:  14/14      EV: 15    Int: 18    God:    Gozag
Gold:   305        SH:  5    Dex: 14    Spells: 13/15 levels left

rFire   . . .      SeeInvis .   t - +7 falchion "Ygolyn Rytsi" {drain, *Rage rN+ Int+4 Stlth+}
rCold   . . .      Faith    .   (no shield)
rNeg    + . .      Spirit   .   (helmet restricted)
rPois   .          Reflect  +   m - amulet of reflection
rElec   .          Harm     .   (no ring)
rCorr   .          Rampage  .   (no ring)
Will    .....      Rage     20% (no ring)
Stlth   +++.......              (no ring)
HPRegen 0.18/turn               (no ring)
MPRegen 0.14/turn               (no ring)
                                (no ring)
                                (no ring)

@: lit by a corona, glowing
A: almost no armour, amphibious, 8 rings, camouflage 1, gelatinous body 1,
(nimble swimmer 1), tentacles
a: Renounce Religion, Potion Petition, Call Merchant, Bribe Branch


You were on level 6 of the Dungeon.
You worshipped Gozag.
Gozag was aware of your devotion.
You visited 2 branches of the dungeon, and saw 7 of its levels.

You collected 360 gold pieces.
You paid 55 gold pieces to Gozag.

Inventory:

Hand Weapons
 h - a +0 falchion
 p - a +0 dagger
 q - a +0 short sword
 r - a +0 vorpal hand axe
 t - the +7 falchion "Ygolyn Rytsi" (weapon) {drain, *Rage rN+ Int+4 Stlth+}
   (You found it on level 2 of the Dungeon)

   A truly terrible weapon, it drains the life of any living foe it strikes.
   Int:       It affects your intelligence (+4).
   rN:        It protects you from negative energy.
   *Rage:     It berserks you when you make melee attacks (+20% chance).
   Stlth:     It makes you more stealthy.
 D - a +4 long sword of venom
Missiles
 B - 16 poisoned darts (quivered)
Magical Staves
 A - a staff of poison
Jewellery
 m - an amulet of reflection (around mantle)
Wands
 a - a wand of mindburst (13)
 f - a wand of digging (3)
 l - a wand of flame (13)
Scrolls
 b - a scroll of fog
 w - a scroll of teleportation
 x - 2 scrolls of blinking
 y - a scroll of amnesia
 C - 2 scrolls of magic mapping
Potions
 c - 3 potions of brilliance
 e - a potion of haste
 g - 4 potions of flight
 i - 4 potions of curing {unknown}
 j - a potion of invisibility {unknown}
 k - 2 potions of mutation {unknown}
 n - a potion of attraction {unknown}
 o - 3 potions of degeneration {unknown}
 s - 2 potions of resistance {unknown}
 u - a potion of heal wounds {unknown}
 v - 2 potions of might {unknown}


   Skills:
 + Level 5.5 Fighting
 + Level 4.2 Long Blades
 - Level 2.5 Axes
 + Level 5.1 Dodging
 + Level 9.4 Stealth
 + Level 4.0 Spellcasting
 + Level 3.7 Poison Magic


You had 13 spell levels left.
You knew the following spells:

 Your Spells              Type           Power      Damage    Failure   Level
a - Poisonous Vapours     Pois/Air       20%        N/A       11%         2

Your spell library contained the following spells:

 Spells                   Type           Power      Damage    Failure   Level
 Sting                    Tmut/Pois      40%        1d5       7%          1
 Ignite Poison            Fire/Tmut/Pois 8%         N/A       26%         3
 Olgreb's Toxic Radiance  Pois           16%        N/A       32%         4
 Conjure Flame            Conj/Fire      3%         6-21      41%         3
 Frozen Ramparts          Ice            6%         1d1       41%         3
 Stone Arrow              Conj/Erth      6%         3d7       41%         3
 Ice Form                 Ice/Tmut       3%         N/A       82%         4
 Sticky Flame             Conj/Fire      3%         2d3       82%         4
 Summon Ice Beast         Ice/Summ       3%         N/A       82%         4
 Lehudib's Crystal Spear  Conj/Erth      1%         10d2      100%        8
 Animate Armour           Summ/Erth      Unusable   N/A       N/A         4

Dungeon Overview and Level Annotations

Branches:
Dungeon (6/15)             Temple (1/1) D:4

Altars:
Ashenzari
Cheibriados
Dithmenos
Elyvilon
Fedhas
Gozag
Hepliaklqana
Kikubaaqudgha
Makhleb
Nemelex Xobeh
Okawaru
Qazlal
Ru
Sif Muna
Trog
Uskayaw
Vehumet
Wu Jian
Xom
Yredelemnul
Zin
The Shining One

Shops:
D:5 *

Annotations:
D:3 3 runed translucent doors, nshep25's ghost, weakling MiFi
D:6 Dowan; Duvessa; Edmund


Innate Abilities, Weirdness & Mutations

You cannot wear most types of armour.
You are amphibious.
You can wear up to eight rings at the same time.
Your skin changes colour to match your surroundings (Stealth+).
Your rubbery body absorbs attacks. (AC +1, EV +1)
((You are camouflaged when in or above water. (Stealth+)))
You have tentacles for arms and can constrict up to eight enemies at once.


Message History

You hear a splash.
Your Spellcasting skill increases to level 4!
Magic restored.
You feel yourself speed up.
You recover from your berserk rage.
You now have 288 gold pieces (gained 7).
You now have 297 gold pieces (gained 9).
You now have 305 gold pieces (gained 8).
There is an open door here.
Dowan, Brother of Duvessa comes into view.
He is wielding a +0 dagger.
Duvessa, Sister of Dowan comes into view.
She is wielding a +2 short sword of speed.
Dowan shouts!
Duvessa shouts!
Duvessa moves out of view.
Edmund the Younger comes into view.
He is wielding a +0 flail of holy wrath and carrying a wand of flame (13).
Duvessa drinks a potion.
Duvessa goes berserk!
Edmund shouts!
You hit Dowan. You drain Dowan. Your grab misses Dowan.
Dowan is heavily wounded.
You block Duvessa's attack.
Dowan points at you and mumbles some strange words.
You are outlined in light.
Duvessa hits you with a +2 short sword of speed!
You miss Dowan. Your grab misses Dowan.
Dowan is heavily wounded.
You block Duvessa's attack. Dowan hits you with a +0 dagger.
Duvessa hits you with a +2 short sword of speed.
Duvessa closely misses you.
You hit Duvessa. You grab Duvessa. You squeeze Duvessa, but do no damage.
Duvessa is lightly wounded.
You constrict Duvessa, but do no damage.
Duvessa hits you with a +2 short sword of speed!
Duvessa completely misses you.
Duvessa hits you with a +2 short sword of speed!
* * * LOW HITPOINT WARNING * * *
As you read the scroll of fear, it crumbles to dust.
You assume a fearsome visage.
Edmund looks frightened!
Duvessa is unaffected.
Dowan looks frightened!
You constrict Duvessa.
Duvessa hits you with a +2 short sword of speed.
You die...
Your body crumbles into a pile of gold.

.# ## # .##.## . ##
...... .# .## ###.PP.##
##.# # ..## ###P~~~~P.#
...#.##
...###.~~~♣P~~~###......#
...'....~♣♣ ♣♣.~...@.@...
...####.~♣ ♣~~ePe# ..##
#.~♣ ♣~P.@.# ~##
#..♣♣♣♣~~~P## ♣##
#..~~♣~~.P## ~~#
#..~.~~~.## ~##
#...~.~P## .# ##.....##
.# ##...## ## ##.##
.#########.#


You could see Edmund (fleeing), Duvessa (berserk) and Dowan (fleeing, very
drained).

Vanquished Creatures
  Grinder (D:3)
  Sigmund (D:3)
  Menkaure (D:5)
  2 black bears
  An ice beast (D:6)
  A centaur (D:5)
  2 phantoms (D:5)
  A necrophage (D:5)
  A scorpion (D:5)
  3 electric eels (D:6)
  A howler monkey (D:4)
  2 jellies (D:3)
  2 hounds (D:5)
  An iguana (D:6)
  Terence (D:2)
  An orc wizard (D:3)
  8 adders
  A shadow imp (D:5)
  2 ufetubi
  3 worms
  2 dart slugs
  4 orcs
  13 endoplasms
  3 giant cockroaches
  8 goblins
  5 hobgoblins
  9 jackals
  4 quokkas
  7 ball pythons
  8 bats
  2 frilled lizards (D:2)
  13 kobolds
  3 rats (D:2)
117 creatures vanquished.

Vanquished Creatures (others)
  15 plants (D:6)
  7 toadstools (D:3)
22 creatures vanquished.

Grand Total: 139 creatures vanquished

Notes
Turn   | Place    | Note
-------+----------+-------------------------------------------
     0 | D:5      | croobank the Octopode Delver began the quest for the Orb.
     0 | D:5      | Reached XP level 1. HP: 16/16 MP: 1/1
    22 | D:5      | Noticed a phantom
    33 | D:5      | Found Plog's General Store.
   172 | D:3      | Noticed an orc wizard
   481 | D:3      | Reached XP level 2. HP: 21/21 MP: 2/2
   581 | D:2      | Found a shimmering altar of Xom.
  1034 | D:1      | Reached XP level 3. HP: 18/26 MP: 3/3
  1839 | D:1      | Reached skill level 7 in Stealth
  2387 | D:2      | Reached XP level 4. HP: 31/31 MP: 5/5
  2551 | D:2      | Found a faded altar of an unknown god.
  2553 | D:2      | Identified the +7 falchion "Ygolyn Rytsi" {drain, *Rage rN+
                  | Int+4 Stlth+}
  2608 | D:2      | Reached skill level 1 in Spellcasting
  3209 | D:2      | Noticed Terence
  3219 | D:2      | Killed Terence
  3535 | D:3      | Found a runed translucent gate.
  3535 | D:3      | Found a runed translucent gate.
  3535 | D:3      | Found a runed translucent gate.
  3537 | D:3      | Noticed nshep25's ghost (weakling MiFi)
  3659 | D:3      | Reached XP level 5. HP: 36/36 MP: 5/7
  3670 | D:3      | Reached skill level 1 in Long Blades
  3765 | D:3      | Noticed Sigmund
  3776 | D:3      | Killed Sigmund
  3777 | D:3      | Reached XP level 6. HP: 42/43 MP: 7/9
  3812 | D:3      | Noticed Grinder
  3819 | D:3      | Paralysed by Grinder for 2 turns
  3823 | D:3      | Killed Grinder
  3824 | D:3      | Reached skill level 8 in Stealth
  3824 | D:3      | Reached XP level 7. HP: 49/49 MP: 10/10
  3881 | D:3      | Learned a level 2 spell: Poisonous Vapours
  3926 | D:3      | Found a bloodstained altar of Trog.
  4258 | D:3      | Reached skill level 1 in Poison Magic
  4784 | D:4      | Found a staircase to the Ecumenical Temple.
  4853 | Temple   | Entered the Ecumenical Temple
  4885 | Temple   | Became a worshipper of Gozag Ym Sagoz the Greedy
  5145 | D:4      | Found a shimmering altar of Xom.
  5665 | D:5      | Reached XP level 8. HP: 54/54 MP: 12/12
  5820 | D:5      | Reached skill level 5 in Fighting
  6072 | D:5      | Noticed Menkaure
  6075 | D:5      | Killed Menkaure
  6076 | D:5      | Reached skill level 9 in Stealth
  6615 | D:6      | Reached skill level 5 in Dodging
  6812 | D:6      | Noticed Dowan
  6814 | D:6      | Noticed Duvessa
  6816 | D:6      | Noticed Edmund
  6821 | D:6      | Slain by Duvessa

Illustrated notes

Levels and vault maps discovered:
D:1:      dpeg_arrival_three_smaller_balls, layout_basic
D:2:      layout_basic, basic_altar, shapermc_ecumenical_altar_notcrosses,
          mrwooster_statue_mirror, uniq_terence
D:3:      cheibrodos_fertilizer, layout_loops_ring, lemuel_tele_altar,
          ebering_ghost_rock_garden, kennysheep_generic_room_9, uniq_grinder,
          uniq_sigmund
D:4:      layout_basic, brannock_xom_greatest_gift, temple_hall,
          corexii_corridor_pit, minivault_14, minmay_misc_feat_chi
D:5:      layout_basic, serial_shops, nicolae_square_shop, uniq_menkaure
D:6:      layout_loops_corners, serial_bayou, serial_bayou_pond_c,
          serial_bayou_shore_b, serial_bayou_pond_d, serial_bayou_pond_d,
          chequers_decorated_corner, uniq_edmund, uniq_duvessa
Temple:   nicolae_temple_slightly_damp_pantheon

Skill      XL: |  1  2  3  4  5  6  7  8 |
---------------+-------------------------+-----
Stealth        | 7 8 9 |  9.4
Spellcasting   | 1 2 3 4 |  4.0
Long Blades    | 1 2 3 4 |  4.2
Fighting       | 4 5 |  5.5
Dodging        | 3 4 5 |  5.1
Poison Magic   | 2 3 |  3.7
Axes           | |  2.5

Action                   |  1- 3 |  4- 6 |  7- 9 || total
-------------------------+-------+-------+-------++-------
Melee: Hand axe          |    23 |       |       ||    23
       Constrict         |    18 |     8 |    14 ||    40
       Tentacles         |    14 |     5 |    11 ||    30
       Dagger            |    47 |       |       ||    47
       Punch             |     1 |       |     2 ||     3
       Falchion          |       |    51 |    91 ||   142
Evoke: Wand              |       |       |     3 ||     3
  Use: Scroll            |     6 |     1 |     6 ||    13
       Potion            |       |     1 |       ||     1
 Stab: Sleeping          |    13 |     7 |    16 ||    36
Armor: Skin              |     4 |     1 |     4 ||     9
Dodge: Dodged            |    36 |    24 |    53 ||   113
Block: Other             |     7 |     8 |    20 ||    35
       Reflection        |       |       |     3 ||     3
